 Dungeon Crawl Stone Soup version 0.23.0-3-gf3c87f2df8 (webtiles) character file.

Game seed: 5079585731648587673

1220 PikkenKukken the Ducker (level 8, 0/57 HPs)
             Began as a Grey Draconian Air Elementalist on Feb 22, 2019.
             Slain by a wight
             ... wielding a +6 short sword
              (2 damage)
             ... on level 5 of the Dungeon.
             The game lasted 00:15:15 (5967 turns).

PikkenKukken the Ducker (DrAE)                      Turns: 5967, Time: 00:15:16

Health: 0/57       AC: 11    Str: 11    XL:     8   Next: 23%
Magic:  14/14      EV: 15    Int: 18    God:
Gold:   94         SH:  0    Dex: 11    Spells: 8/16 levels left

rFire    . . .     SeeInvis .   k - +3 dagger (venom)
rCold    . . .     Gourm    .   (no shield)
rNeg     . . .     Faith    .   (armour unavailable)
rPois    .         Spirit   .   (helmet restricted)
rElec    .         Reflect  .   (no cloak)
rCorr    .         Harm     .   (no gloves)
MR       +....                  (no boots)
Stlth    +.........             (no amulet)
HPRegen  0.19/turn              g - ring of protection from magic
MPRegen  0.14/turn              p - +2 ring of evasion

@: heavily drained
A: walk through water, unfitting armour, unbreathing, cold-blooded, AC +11
a: no special abilities


You were on level 5 of the Dungeon.
You were not hungry.

You visited 1 branch of the dungeon, and saw 6 of its levels.

You collected 217 gold pieces.
You spent 123 gold pieces at shops.

Inventory:

Hand Weapons
 k - a +3 dagger of venom (weapon)
Jewellery
 g - a ring of protection from magic (left hand)
 h - an uncursed amulet of rage
 p - a +2 ring of evasion (right hand)
 q - an uncursed ring of fire
Wands
 j - a wand of polymorph (2)
 t - a wand of acid (7)
Scrolls
 a - 7 scrolls of teleportation
 c - 2 scrolls of remove curse
 f - a scroll of enchant armour
 i - 3 scrolls of enchant weapon
 r - 2 scrolls of magic mapping
 s - 4 scrolls of identify
Potions
 d - 2 potions of heal wounds
 e - 2 potions of lignification {unknown}
 l - a potion of magic {unknown}
 m - a potion of curing {unknown}
 n - 2 potions of degeneration {unknown}
 o - 5 potions of flight {unknown}
 u - a potion of haste {unknown}
Comestibles
 b - 9 rations


   Skills:
 + Level 5.3(3.6) Dodging
 - Level 1.7(0.2) Stealth
 - Level 0.3(0.0) Unarmed Combat
 + Level 4.6(2.9) Spellcasting
 - Level 4.0(2.4) Conjurations
 + Level 5.1(3.4) Air Magic


You had 8 spell levels left.
You knew the following spells:

 Your Spells              Type           Power        Failure   Level  Hunger
a - Shock                 Conj/Air       ##..         4%          1    None
b - Static Discharge      Conj/Air       ##......     16%         3    ###....
c - Airstrike             Air            ###.......   36%         4    ####...

Your spell library contained the following spells:

 Spells                   Type           Power        Failure   Level  Hunger
 Swiftness                Chrm/Air       #.......     12%         2    ##.....
 Animate Skeleton         Necr           N/A          17%         1    None
 Apportation              Tloc           #.....       17%         1    None
 Confusing Touch          Hex            #.....       17%         1    None
 Summon Small Mammal      Summ           #...         17%         1    None
 Lightning Bolt           Conj/Air       ##........   80%         5    ######.


Dungeon Overview and Level Annotations

Branches:
Dungeon (6/15)
 Temple: D:4-7

Altars:
Ashenzari
Sif Muna
Vehumet
Xom

Shops:
D:5 ?

Annotations:
D:3 1 runed translucent door, Crazy Yiuf


Innate Abilities, Weirdness & Mutations

You can walk through water.
Your dull iron-grey scales are very hard. (AC +11)
You cannot fit into any form of body armour.
You can survive without breathing.
You are cold-blooded and may be slowed by cold attacks.


Message History

The wight is heavily damaged.
The wight hits you but does no damage.
You hit the wight but do no damage.
You tail-slap the wight, but do no damage.
The wight is heavily damaged.
The wight hits you but does no damage.
You hit the wight.
The wight is heavily damaged.
The wight hits you with a +6 short sword.
* * * LOW HITPOINT WARNING * * *
You hit the wight but do no damage.
The wight is heavily damaged.
The wight hits you with a +6 short sword.
* * * LOW HITPOINT WARNING * * *
You closely miss the wight.
The wight is heavily damaged.
The wight hits you with a +6 short sword.
* * * LOW HITPOINT WARNING * * *
You feel drained.
You die...

................#................
..(.............#..##..#.........
.....................####......#<
#.....<..............#####.....#.
#.......................##....###
.......#.(.............####<..###
......####.................#...##
.....#.##.......z............##..
.##.............@................
..##.#............(...##......#..
..####...............###..##.....
...(................####..##..#..
..................#..##...#......
....#..........>..#...#......#...
....##.........#####.........###.
.....#.........# ##.........##...
###..#.........###.(....#...#....


You could see a wight.

Vanquished Creatures
  Grinder (D:5)
  A phantom (D:5)
  A centaur (D:5)
  Blork the orc (D:5)
  A bullfrog (D:6)
  3 wights (D:6)
  2 crimson imps (D:5)
  A jelly (D:4)
  A quasit (D:5)
  A centaur skeleton (D:5)
  Jessica (D:3)
  Terence (D:2)
  5 orc wizards
  A worker ant (D:5)
  A howler monkey skeleton (D:4)
  4 gnolls (D:4)
  5 adders
  A shadow imp (D:5)
  A worm (D:3)
  4 dart slugs
  4 leopard geckos
  7 orcs
  7 bats
  2 giant cockroaches
  6 goblins
  8 hobgoblins
  2 jackals (D:4)
  A quokka (D:2)
  8 frilled lizards
  6 kobolds
  A quokka zombie (D:5)
  3 rats
92 creatures vanquished.

Vanquished Creatures (others)
  5 dream sheep (D:4)
5 creatures vanquished.

Grand Total: 97 creatures vanquished

Notes
Turn   | Place    | Note
-------+----------+-------------------------------------------
     0 | D:1      | PikkenKukken the Draconian Air Elementalist began the quest
                  | for the Orb.
     0 | D:1      | Reached XP level 1. HP: 14/14 MP: 3/3
   184 | D:1      | Reached XP level 2. HP: 20/20 MP: 0/5
   978 | D:2      | Noticed Terence
  1044 | D:2      | Reached XP level 3. HP: 26/26 MP: 6/6
  1049 | D:2      | Learned a level 3 spell: Static Discharge
  1109 | D:2      | Killed Terence
  1362 | D:2      | Reached XP level 4. HP: 31/33 MP: 7/7
  1410 | D:2      | Found a shattered altar of Ashenzari.
  2364 | D:3      | Reached XP level 5. HP: 38/38 MP: 2/8
  2585 | D:3      | Found a deep blue altar of Sif Muna.
  2600 | D:3      | Noticed Jessica
  2602 | D:3      | Killed Jessica
  2731 | D:3      | Found a runed translucent door.
  2732 | D:3      | Noticed Crazy Yiuf
  3278 | D:4      | Reached XP level 6. HP: 32/45 MP: 1/9
  3452 | D:4      | Noticed a dream sheep
  3452 | D:4      | Noticed a dream sheep
  3452 | D:4      | Noticed a dream sheep
  3452 | D:4      | Noticed a dream sheep
  3452 | D:4      | Noticed a dream sheep
  3452 | D:4      | Found a shimmering altar of Xom.
  3456 | D:4      | Killed a dream sheep
  3457 | D:4      | Killed a dream sheep
  3457 | D:4      | Killed a dream sheep
  3457 | D:4      | Killed a dream sheep
  3458 | D:4      | Killed a dream sheep
  4244 | D:5      | Entered Level 5 of the Dungeon
  4246 | D:5      | Found Ytayl's Magic Scroll Shoppe.
  4262 | D:5      | Bought a scroll of magic mapping for 45 gold pieces
  4262 | D:5      | Bought a scroll of identify for 26 gold pieces
  4262 | D:5      | Bought a scroll of identify for 26 gold pieces
  4262 | D:5      | Bought a scroll of identify for 26 gold pieces
  4379 | D:4      | Learned a level 4 spell: Airstrike
  4448 | D:5      | Your scales start taking on a dull iron-grey colour.
  4448 | D:5      | Reached XP level 7. HP: 26/50 MP: 4/11
  4448 | D:5      | Gained mutation: You can survive without breathing. [Grey
                  | Draconian growth]
  4902 | D:5      | Found a radiant altar of Vehumet.
  5085 | D:5      | Noticed Grinder
  5107 | D:5      | Killed Grinder
  5374 | D:5      | Noticed Blork the orc
  5400 | D:5      | Killed Blork the orc
  5400 | D:5      | Reached skill level 5 in Dodging
  5400 | D:5      | Reached XP level 8. HP: 18/57 MP: 12/14
  5874 | D:6      | Reached skill level 5 in Air Magic
  5967 | D:5      | HP: 2/57 [wight/+6 short sword (5)]
  5967 | D:5      | Slain by a wight

Skill      XL: |  1  2  3  4  5  6  7  8 |
---------------+-------------------------+-----
Dodging        | 2 3 4 5 |  5.3
Air Magic      | 4 5 |  5.1
Conjurations   | 2 3 4 |  4.0
Spellcasting   | 3 4 |  4.6
Stealth        | |  1.7
Unarmed Combat | |  0.3

Action                   |  1- 3 |  4- 6 |  7- 9 || total
-------------------------+-------+-------+-------++-------
Melee: Unarmed           |    17 |       |       ||    17
       Tailslap          |     2 |     7 |     9 ||    18
       Dagger            |    13 |    86 |    82 ||   181
 Cast: Shock             |    49 |    81 |    27 ||   157
       Static Discharge  |     2 |     4 |    10 ||    16
       Airstrike         |       |     1 |     3 ||     4
  Use: Scroll            |     6 |     4 |     1 ||    11
       Potion            |       |     1 |       ||     1
 Stab: Sleeping          |     1 |     2 |       ||     3
  Eat: Chunk             |     3 |     7 |     3 ||    13
       Ration            |       |     1 |     1 ||     2
Armor: Skin              |    11 |    26 |    32 ||    69
Dodge: Dodged            |    28 |    61 |    48 ||   137
